 Dungeon Crawl Stone Soup version 0.28.0-47-ge53b351184 (webtiles) character file.

Game seed: 18377153858217271185

42 Kangaroobicon the Skirmisher (level 3, -17/31 HPs)
             Began as a Palentonga Fighter on May 1, 2022.
             Demolished by an ogre
             ... wielding a +0 giant club
              (21 damage)
             ... on level 3 of the Dungeon on May 2, 2022.
             The game lasted 00:17:35 (2129 turns).

Kangaroobicon the Skirmisher (Palentonga Fighter)   Turns: 2129, Time: 00:17:36

Health: -17/31     AC:  9    Str: 19    XL:     3   Next: 35%
Magic:  3/3        EV:  5    Int:  8    God:
Gold:   107        SH:  4    Dex: 11    Spells: 2/2 levels left

rFire   . . .      SeeInvis +   a - +0 flail
rCold   . . .      Faith    .   c - +0 buckler
rNeg    . . .      Spirit   .   m - +0 chain mail
rPois   .          Reflect  .   (no helmet)
rElec   .          Harm     .   (no cloak)
rCorr   .          Rampage  .   f - +0 pair of gloves
Will    .....                   (no barding)
Stlth   ..........              (no amulet)
HPRegen 0.10/turn               (no ring)
MPRegen 0.08/turn               (no ring)

@: no status effects
A: large, rugged brown scales 3, see invisible, deformed body, roll 1, armoured
tail
a: Rolling Charge


You were on level 3 of the Dungeon.
You visited 1 branch of the dungeon, and saw 3 of its levels.

You collected 107 gold pieces.

Inventory:

Hand Weapons
 a - a +0 flail (weapon)
 l - a +1 short sword of venom
Missiles
 b - 11 sling bullets
 g - 73 stones
 j - an atropa-tipped dart (quivered)
 n - 16 arrows
 p - 10 bolts
Armour
 c - a +0 buckler (worn)
 f - a +0 pair of gloves (worn)
 m - a +0 chain mail (worn)
 o - the +1 robe "Udumyihu" {rPois MP+9 Dex-2}
   (You found it on level 2 of the Dungeon)

   Dex:       It affects your dexterity (-2).
   rPois:     It protects you from poison.
   MP:        It affects your magic capacity (+9).
Scrolls
 k - 2 scrolls of blinking
 q - a scroll of vulnerability {unknown}
 r - a scroll of noise {unknown}
Potions
 d - 3 potions of might
 e - 2 potions of curing
 h - a potion of resistance
 i - a potion of flight {unknown}


   Skills:
 + Level 3.2 Fighting
 + Level 2.6 Maces & Flails
 + Level 2.7 Armour
 + Level 0.3 Dodging
 + Level 0.1 Stealth
 + Level 2.7 Shields


You had 2 spell levels left.
You didn't know any spells.
Your spell library was empty.

Dungeon Overview and Level Annotations

Branches:
Dungeon (3/15)

Altars:
Wu Jian


Innate Abilities, Weirdness & Mutations

You are completely covered in rugged brown scales. (AC +3, +7% HP)
You have supernaturally acute eyesight. (SInv)
Armour fits poorly on your strangely shaped body.
You can roll at nearby foes to attack.
You have a long armoured tail.


Message History

The ogre resists.
You block the ogre's attack.
Throw: 2 darts (atropa)
Press: ? - help, Q - select action, (/) - cycle Shift-Dir - straight line, f/p - ogre
Aim: an ogre, wielding a +0 giant club (72% to hit, chance to blind on hit: 27%)
You throw an atropa-tipped dart. The atropa-tipped dart hits the ogre.
The ogre resists.
You see here an atropa-tipped dart.
You see here an atropa-tipped dart.
An adder comes into view.
You see here an atropa-tipped dart.
There is an ornate altar of the Wu Jian Council here.
You see here an atropa-tipped dart.
You see here an atropa-tipped dart.
You see here an atropa-tipped dart.
You see here an atropa-tipped dart.
You see here an atropa-tipped dart.
You see here an atropa-tipped dart.
You see here an atropa-tipped dart.
You see here an atropa-tipped dart.
You see here an atropa-tipped dart.
You see here an atropa-tipped dart.
You see here an atropa-tipped dart.
A goblin comes into view. It is wielding a +0 dagger.
The goblin shouts!
You see here an atropa-tipped dart.
The goblin hits you but does no damage.
You closely miss the goblin. The ogre hits you with a +0 giant club!
The goblin hits you but does no damage.
You hit the ogre.
The ogre is lightly wounded.
The goblin hits you but does no damage. The ogre hits you with a +0 giant club!
Ouch! That really hurt!
* * * LOW HITPOINT WARNING * * *
You hit the ogre but do no damage.
The ogre is lightly wounded.
The goblin hits you but does no damage.
The ogre hits you with a +0 giant club!!
Ouch! That really hurt!
You die...

##.# #.# .#.# #.# # .#.#
#######.# .# .#.# #.....#.# .#
...####.###.#.###### ###.###
...................###.....###
#######.###..#####(#.........#
#......#####.#.#.#.#.#.
#####....O@g...#...#
#..##.##.###..##.#
#..##.##.##......#
#........##.#.####
#.#.#.#####.########## #.....#
#.........≈≈# ###.###
#.........≈≈# #.#
#........≈≈≈# #.#
#.......≈≈≈≈#


You could see an ogre and a goblin.

Vanquished Creatures
  A dart slug (D:1)
  3 ball pythons
  6 endoplasms (D:1)
  3 giant cockroaches
  3 hobgoblins
  4 bats
  4 frilled lizards
  5 goblins
  6 kobolds
  4 rats (D:1)
39 creatures vanquished.

Notes
Turn   | Place    | Note
-------+----------+-------------------------------------------
     0 | D:1      | Kangaroobicon the Palentonga Fighter began the quest for
                  | the Orb.
     0 | D:1      | Reached XP level 1. HP: 19/19 MP: 1/1
   219 | D:1      | Reached XP level 2. HP: 21/25 MP: 2/2
   640 | D:1      | Reached XP level 3. HP: 31/31 MP: 3/3
  1020 | D:2      | Found a faded altar of an unknown god.
  1214 | D:2      | Identified the +1 robe "Udumyihu" {rPois MP+9 Dex-2}
  1880 | D:3      | Found an ornate altar of the Wu Jian Council.
  1898 | D:3      | Noticed an ogre
  2129 | D:3      | Demolished by an ogre

Illustrated notes

Levels and vault maps discovered:
D:1:      lemuel_arrival_funnel, layout_basic, amcnicky_mini_corridor_feature
D:2:      layout_basic, shapermc_ecumenical_altar_mp_ritualfount
D:3:      minmay_spotlight, layout_loops_cross, lemuel_doored_altar,
          nzn_wu_jian_contemplation

Action                   || total
-------------------------++-------
Melee: Flail             ||    98
       Tailslap          ||     5
Throw: Dart              ||     2
  Use: Scroll            ||     3
Armor: Scale mail        ||    41
       Chain mail        ||    15
Dodge: Dodged            ||    35
Block: Buckler           ||    31
